 Dungeon Crawl Stone Soup version 0.30-a0-168-g0b976cbdc4 (webtiles) character file.

Game seed: 17510157049951997854

1002 Iusername the Covered (level 8, 0/69 HPs)
             Began as a Minotaur Fighter on Sept 29, 2022.
             Slain by a gnoll
             ... wielding a +4 flail
             ... led by a gnoll bouda
              (11 damage)
             ... on level 6 of the Dungeon.
             The game lasted 00:06:03 (5657 turns).

Iusername the Covered (Minotaur Fighter)            Turns: 5657, Time: 00:06:04

Health: 0/69       AC:  0    Str: 24    XL:     8   Next: 0%
Magic:  7/7        EV: 10    Int:  5    God:
Gold:   768        SH:  5    Dex: 13    Spells: 7/7 levels left

rFire   . . .      SeeInvis .    m - +8 dagger "Idoqi" {chaos, Dex+4}
rCold   . . .      Faith    .    c - +0 buckler
rNeg    . . .      Spirit   .    b - +0 scale mail
rPois   .          Reflect  .    (helmet restricted)
rElec   .          Harm     .    (no cloak)
rCorr   .          Rampage  .    (no gloves)
Will    .....                    (no boots)
Stlth   ..........               (no amulet)
HPRegen 0.21/turn                (no ring)
MPRegen 0.10/turn                (no ring)

@: corroded
A: horns 2, retaliatory headbutt
a: no special abilities


You were on level 6 of the Dungeon.
You visited 1 branch of the dungeon, and saw 6 of its levels.

You collected 768 gold pieces.

Inventory:

Hand Weapons
 a - a +0 trident
 m - the +8 dagger "Idoqi" (weapon) {chaos, Dex+4}
   (You found it on level 2 of the Dungeon)

   Each time it hits an enemy it has a different, random effect.
   Dex:       It affects your dexterity (+4).
Armour
 b - a +0 scale mail (worn)
 c - a +0 buckler (worn)
Jewellery
 l - a ring of protection from fire
 o - a ring of protection from fire
 x - a ring of flight
Scrolls
 e - a scroll of amnesia {unknown}
 h - 3 scrolls of fear
 i - 3 scrolls of blinking
 q - 2 scrolls of teleportation
 s - 2 scrolls of butterflies
 t - a scroll of torment
 v - a scroll of silence
 y - a scroll of identify
Potions
 d - 3 potions of might
 f - a potion of berserk rage {unknown}
 g - 2 potions of heal wounds {unknown}
 j - 2 potions of curing
 k - 2 potions of flight {unknown}
 n - a potion of lignification {unknown}
 p - a potion of attraction {unknown}
 r - a potion of invisibility {unknown}
 u - a potion of haste {unknown}
 w - 2 potions of magic {unknown}


   Skills:
 + Level 5.4 Fighting
 + Level 4.2 Short Blades
 + Level 4.7 Polearms
 + Level 7.0 Armour
 + Level 2.4 Dodging
 + Level 0.5 Stealth
 + Level 5.5 Shields


You had 7 spell levels left.
You didn't know any spells.
Your spell library contained the following spells:

 Spells                   Type           Power      Damage    Failure   Level
 Magic Dart               Conj           0%         1d3       83%         1
 Slow                     Hex            0%         N/A       83%         1
 Cigotuvi's Dreadful Rot  Necr/Pois/Air  0%         N/A       93%         2
 Poisonous Vapours        Pois/Air       0%         N/A       93%         2
 Searing Ray              Conj           0%         2d4       93%         2
 Confusing Touch          Hex            0%         N/A       99%         3
 Kindle Blastsparks       Fire/Tloc/Air  0%         2d10      99%         3
 Summon Guardian Golem    Hex/Summ       0%         N/A       99%         3
 Vampiric Draining        Necr           0%         2d6       99%         3
 Fulminant Prism          Conj/Hex       0%         3d6       100%        4
 Iskenderun's Mystic Bla  Conj/Tloc      0%         2d3       100%        4
 Lee's Rapid Deconstruct  Erth           0%         3d5*      100%        5
 Orb of Destruction       Conj           0%         9d5       100%        7
 Spellforged Servitor     Conj/Summ      0%         N/A       100%        7


Dungeon Overview and Level Annotations

Branches:
Dungeon (6/15)
 Temple: D:4-7

Altars:


Innate Abilities, Weirdness & Mutations

You have a pair of horns on your head.
You reflexively headbutt those who attack you in melee.


Message History

Things that are here:
a +0 trident; a +0 leather armour You hit the gnoll.
You freeze the gnoll.
You headbutt the gnoll, but do no damage.
The gnoll is moderately wounded.
You block the gnoll's attack.
The gnoll bouda hits you with a +0 whip.
You barely miss the gnoll. Your headbutt misses the gnoll.
The gnoll is lightly wounded.
The gnoll hits you with a +0 whip! You block the gnoll bouda's attack.
You hit the gnoll but do no damage.
The gnoll is poisoned.
The gnoll is lightly wounded.
The gnoll hits you with a +0 whip.
The gnoll bouda hits you with a +0 whip!
* * * LOW HITPOINT WARNING * * *
You hit the gnoll. You burn the gnoll. Your headbutt misses the gnoll.
The gnoll is moderately wounded.
The gnoll hits you with a +0 whip.
* * * LOW HITPOINT WARNING * * *
You block the gnoll bouda's attack.
It was a potion of curing.
You feel better. You block the gnoll's attack.
The gnoll bouda barely misses you. You furiously retaliate!
You headbutt the gnoll bouda, but do no damage.
You hit the gnoll. You drain the gnoll.
The gnoll is severely wounded.
The gnoll misses you. You furiously retaliate!
You headbutt the gnoll!
You kill the gnoll!
You have reached level 8!
You feel stronger.
You hit the gnoll bouda.
You headbutt the gnoll bouda, but do no damage.
The gnoll bouda is lightly wounded.
You closely miss the gnoll bouda. You headbutt the gnoll bouda.
The gnoll bouda is lightly wounded.
You block the gnoll bouda's attack. The gnoll hits you with a +4 flail!
* * * LOW HITPOINT WARNING * * *
You barely miss the gnoll bouda.
The gnoll bouda is lightly wounded.
You block the gnoll bouda's attack. The gnoll hits you with a +4 flail!
You die...

#.# #.#######
###.#....<#
#.#.#..####
###.#<##.#
#.#.#.##.#
#...#.##.###
#...@g...[.#
#.#####g####.##
#......).......
####........#..#
............#.#..
###.......#...#..#
#.g.....#..#. .#
..g....#.. .#
#........#.. .


You could see a gnoll bouda and a gnoll (swift).

Vanquished Creatures
  Menkaure (D:5)
  A water moccasin (D:3)
  2 phantoms
  2 necrophages (D:5)
  A scorpion (D:5)
  A hound (D:4)
  2 orc priests
  A jelly (D:6)
  An iguana (D:5)
  2 orc wizards
  6 adders
  9 gnolls
  2 worms
  7 dart slugs
  13 orcs
  6 endoplasms
  2 giant cockroaches
  10 goblins
  3 hobgoblins
  5 jackals (D:4)
  4 kobolds
  3 quokkas
  9 ball pythons
  7 bats
  2 frilled lizards (D:3)
  2 rats (D:1)
104 creatures vanquished.

Notes
Turn   | Place    | Note
-------+----------+-------------------------------------------
     0 | D:1      | Iusername the Minotaur Fighter began the quest for the Orb.
     0 | D:1      | Reached XP level 1. HP: 19/19 MP: 0/0
   190 | D:1      | Reached XP level 2. HP: 27/27 MP: 1/1
   451 | D:1      | Reached skill level 4 in Armour
   512 | D:1      | You fall into a shaft and drop 1 floor!
   541 | D:2      | Reached XP level 3. HP: 33/33 MP: 2/2
   650 | D:2      | Identified the +8 dagger "Idoqi" {chaos, Dex+4}
   796 | D:2      | Reached XP level 4. HP: 12/41 MP: 3/3
  1196 | D:2      | Found a faded altar of an unknown god.
  1528 | D:3      | Noticed a water moccasin
  1540 | D:3      | Killed a water moccasin
  1541 | D:3      | Reached skill level 1 in Short Blades
  1541 | D:3      | Reached skill level 5 in Armour
  1541 | D:3      | Reached XP level 5. HP: 28/47 MP: 4/4
  2156 | D:3      | Reached skill level 1 in Dodging
  2163 | D:3      | Reached XP level 6. HP: 34/53 MP: 5/5
  3690 | D:4      | Reached skill level 5 in Shields
  3711 | D:4      | Identified a scroll of acquirement
  3714 | D:4      | Acquired 506 gold pieces
  4253 | D:5      | Entered Level 5 of the Dungeon
  4260 | D:5      | Reached skill level 5 in Fighting
  4260 | D:5      | Reached XP level 7. HP: 55/61 MP: 6/6
  4332 | D:5      | Reached skill level 6 in Armour
  4365 | D:5      | Noticed Menkaure
  4374 | D:5      | Killed Menkaure
  5633 | D:6      | Reached skill level 7 in Armour
  5655 | D:6      | Reached XP level 8. HP: 21/69 MP: 7/7
  5657 | D:6      | Slain by a gnoll

Illustrated notes

Levels and vault maps discovered:
D:1:      psy_arrival_spokes, layout_basic
D:2:      layout_basic, ebering_ecumenical_altar_hall, minmay_tromino_v2
D:3:      layout_basic, hangedman_decor_push
D:4:      layout_loops_ring
D:5:      layout_basic, uniq_menkaure
D:6:      layout_basic, minmay_temple_entry_glassed_door,
          hangedman_decor_peaks_small, chequers_serial_rivers_micro_b,
          lexackson_kobold_supper

Skill      XL: |  1  2  3  4  5  6  7 |
---------------+----------------------+-----
Fighting       | 4 5 |  5.4
Armour         | 4 5 7 |  7.0
Polearms       | 3 4 |  4.7
Shields        | 4 5 |  5.5
Short Blades   | 1 3 4 |  4.2
Dodging        | 1 2 |  2.4
Stealth        | |  0.5

Action                   |  1- 3 |  4- 6 |  7- 9 || total
-------------------------+-------+-------+-------++-------
Melee: Trident           |    72 |       |       ||    72
       Headbutt          |     9 |    24 |    12 ||    45
       Dagger            |       |   130 |    58 ||   188
  Use: Scroll            |       |     8 |       ||     8
       Potion            |       |       |     1 ||     1
Armor: Scale mail        |    22 |    58 |    14 ||    94
Dodge: Dodged            |    34 |    43 |    22 ||    99
Block: Buckler           |     9 |    40 |    13 ||    62

Table legend: (Time is in decaauts)
 A = Elapsed time spent in this place.
 B = Non-inter-level travel time spent in this place.
 C = Inter-level travel time spent in this place.
 D = Time resting spent in this place.
 E = Time spent auto-exploring this place.
 F = Levels seen in this place.
 G = Mean time per level.
                   A        B        C        D        E       F      G
               +--------+--------+--------+--------+--------+-----+--------+
         Total |   5658 |   5613 |     45 |   2018 |   2885 |   6 |  943.0 |
       Dungeon |   5658 |   5613 |     45 |   2018 |   2885 |   6 |  943.0 |
               +--------+--------+--------+--------+--------+-----+--------+

Top non-repeatable levels by time:
     D:3: 1884 daAuts
     D:5: 1360 daAuts
     D:2: 996 daAuts
     D:4: 861 daAuts
     D:1: 521 daAuts
     D:6: 34 daAuts
